 Dungeon Crawl Stone Soup version 0.27.1-33-g824d729ab1 (webtiles) character file.

Game seed: 1306030346220431314

64 jlumianski the Ducker (level 4, -1/41 HPs)
             Began as a Gnoll Monk on Dec 19, 2021.
             Was a Priest of Vehumet.
             Slain by Terence (5 damage)
             ... on level 1 of the Dungeon.
             The game lasted 00:10:57 (1480 turns).

jlumianski the Ducker (Gnoll Monk)                  Turns: 1480, Time: 00:10:58

Health: -1/41      AC:  2    Str: 10    XL:     4   Next: 12%
Magic:  5/5        EV: 15    Int: 10    God:    Vehumet [***...]
Gold:   80         SH:  0    Dex: 15    Spells: 2/5 levels left

rFire    . . .     SeeInvis .   l - +0 whip (pain)
rCold    . . .     Faith    .   (no shield)
rNeg     . . .     Spirit   .   b - +0 robe
rPois    +         Reflect  .   (no helmet)
rElec    .         Harm     .   (no cloak)
rCorr    .         Rampage  .   (no gloves)
Will     .....                  (no boots)
Stlth    +++.......             (no amulet)
HPRegen  0.13/turn              g - ring of poison resistance
MPRegen  0.09/turn              (no ring)

@: no status effects
A: fangs 1, strong nose, distributed training
a: Renounce Religion


You were on level 1 of the Dungeon.
You worshipped Vehumet.
Vehumet was most pleased with you.
You visited 1 branch of the dungeon, and saw 2 of its levels.

You collected 80 gold pieces.

Inventory:

Hand Weapons
 a - a +0 hand axe
 l - a +0 whip of pain (weapon)
Missiles
 f - 18 stones
 k - 14 poisoned darts (quivered)
Armour
 b - a +0 robe (worn)
 h - a +0 leather armour
 i - a +0 leather armour
Jewellery
 g - a ring of poison resistance (left hand)
Scrolls
 c - a scroll of noise {unknown}
 j - a scroll of teleportation
 m - a scroll of amnesia {unknown}
Potions
 d - a potion of resistance
 e - a potion of brilliance


   Skills:
 + Level 6.6 Fighting
 + Level 1.0 Short Blades
 + Level 1.0 Long Blades
 + Level 6.6 Axes
 + Level 1.0 Maces & Flails
 + Level 1.0 Polearms
 + Level 1.0 Staves
 + Level 1.0 Slings
 + Level 1.0 Bows
 + Level 1.0 Crossbows
 + Level 1.0 Throwing
 + Level 1.0 Armour
 + Level 6.6 Dodging
 + Level 4.2 Stealth
 + Level 1.0 Shields
 + Level 1.0 Unarmed Combat
 + Level 1.0 Spellcasting
 + Level 0.8 Conjurations
 + Level 0.8 Hexes
 + Level 0.8 Summonings
 + Level 0.8 Necromancy
 + Level 0.8 Translocations
 + Level 0.8 Transmutations
 + Level 0.8 Fire Magic
 + Level 0.8 Ice Magic
 + Level 0.8 Air Magic
 + Level 0.8 Earth Magic
 + Level 0.8 Poison Magic
 + Level 1.1 Invocations
 + Level 1.0 Evocations


You had 2 spell levels left.
You knew the following spells:

 Your Spells              Type           Power      Damage    Failure   Level
a - Poisonous Vapours     Pois/Air       4%         N/A       11%         2
b - Magic Dart            Conj           8%         1d3       7%          1

Your spell library contained the following spells:

 Spells                   Type           Power      Damage    Failure   Level
 Mephitic Cloud           Conj/Pois/Air  2%         N/A       19%         3
 Corpse Rot               Necr/Air       N/A        N/A       36%         2
 Call Canine Familiar     Summ           2%         N/A       58%         3
 Portal Projectile        Hex/Tloc       4%         N/A       58%         3
 Freezing Cloud           Conj/Ice/Air   1%         6-21      82%         5
 Leda's Liquefaction      Hex/Erth       1%         N/A       94%         4


Dungeon Overview and Level Annotations

Branches:
Dungeon (2/15)

Altars:
Vehumet

Shops:
D:2 (

Annotations:
D:1 Terence


Innate Abilities, Weirdness & Mutations

You have very sharp teeth.
Your uncanny sense of smell can sniff out nearby items.
Your experience applies equally to all skills.


Message History

You hit the endoplasm.
The endoplasm writhes in agony.
The endoplasm is moderately wounded.
The endoplasm misses you.
You hit the endoplasm.
You kill the endoplasm!
Vehumet accepts your kill.
A goblin comes into view. It is wielding a +0 club.
The helpless goblin fails to defend itself.
You hit the goblin.
You kill the goblin!
Vehumet accepts your kill.
Found a spear and a plate armour.
Found a dyed leather armour.
Found a stone staircase leading down.
An adder comes into view.
The adder moves out of view.
Terence shouts!
Terence says, "You're history."
There is a stone staircase leading up here.
Terence zaps a wand.
The puff of flame hits you.
Terence zaps a wand.
The puff of flame hits you!
You climb upwards.
There is a stone staircase leading down here.
You hit Terence but do no damage. Terence hits you with a +0 short sword.
You hit Terence.
Terence is moderately wounded.
Terence hits you with a +0 short sword!
You hit Terence.
Terence is moderately wounded.
Terence hits you with a +0 short sword.
You hit Terence but do no damage.
Terence is moderately wounded.
Terence hits you but does no damage.
You hit Terence but do no damage.
Terence is moderately wounded.
Terence zaps a wand.
The puff of flame hits you!
* * * LOW HITPOINT WARNING * * *
You barely miss Terence.
Terence is moderately wounded.
Terence hits you with a +0 short sword.
You die...

..## #.# ### #.# #.#
#.# #.# ####
#.######## ...##
#.##.....# ##..##
#.##...@.# ##..##
#.##..@รท.#
####..#####.##.....#
.#..........##.....#
.#.........###.....#
.#.........# #.....#
.#.........# #.....#
.#........####.....#
..........#....#####
.#........).####


You could see Terence.

Vanquished Creatures
  An adder (D:2)
  An adder skeleton (D:2)
  4 ball pythons (D:1)
  2 bat zombies (D:2)
  6 endoplasms
  A giant cockroach (D:1)
  5 goblins
  4 hobgoblins (D:1)
  2 jackals (D:2)
  4 quokkas
  7 bats
  2 frilled lizards (D:2)
  3 kobolds (D:1)
  3 rats (D:1)
45 creatures vanquished.

Notes
Turn   | Place    | Note
-------+----------+-------------------------------------------
     0 | D:1      | jlumianski the Gnoll Monk began the quest for the Orb.
     0 | D:1      | Reached XP level 1. HP: 23/23 MP: 1/1
   353 | D:1      | Reached XP level 2. HP: 29/29 MP: 2/2
   665 | D:1      | Found a faded altar of an unknown god.
   731 | D:2      | Reached XP level 3. HP: 23/35 MP: 3/3
   749 | D:2      | Reached skill level 1 in Invocations
   758 | D:2      | Found Suladah's Antique Weapon Boutique.
   789 | D:2      | Learned a level 2 spell: Poisonous Vapours
   869 | D:1      | Became a worshipper of Vehumet
   869 | D:1      | Reached * piety under Vehumet
   869 | D:1      | Offered knowledge of Magic Dart by Vehumet.
   869 | D:1      | Reached ** piety under Vehumet
   872 | D:1      | Learned a level 1 spell: Magic Dart
  1050 | D:1      | Offered knowledge of Searing Ray by Vehumet.
  1108 | D:1      | Reached skill level 1 in Short Blades
  1108 | D:1      | Reached skill level 1 in Long Blades
  1108 | D:1      | Reached skill level 1 in Maces & Flails
  1108 | D:1      | Reached skill level 1 in Polearms
  1108 | D:1      | Reached skill level 1 in Staves
  1108 | D:1      | Reached skill level 1 in Slings
  1108 | D:1      | Reached skill level 1 in Bows
  1108 | D:1      | Reached skill level 1 in Crossbows
  1108 | D:1      | Reached skill level 1 in Throwing
  1108 | D:1      | Reached skill level 1 in Armour
  1108 | D:1      | Reached skill level 1 in Shields
  1108 | D:1      | Reached skill level 1 in Unarmed Combat
  1108 | D:1      | Reached skill level 1 in Spellcasting
  1108 | D:1      | Reached skill level 1 in Evocations
  1132 | D:2      | Noticed Terence
  1233 | D:1      | Offered knowledge of Mephitic Cloud by Vehumet.
  1304 | D:2      | Reached *** piety under Vehumet
  1305 | D:2      | Reached XP level 4. HP: 33/41 MP: 5/5
  1480 | D:1      | Slain by Terence

Illustrated notes

Levels and vault maps discovered:
D:1:      scummos_arrival_hexagon, layout_rooms,
          shapermc_ecumenical_altar_mp_highgroup
D:2:      layout_rooms, serial_undead, serial_undead_d, serial_undead_a,
          serial_undead_e, serial_undead_a, serial_shops, nicolae_diamond_shop,
          uniq_terence, uniq_crazy_yiuf_cottage

Skill      XL: |  1  2  3 |
---------------+----------+-----
Invocations    | 1 |  1.1
Short Blades   | 1 |  1.0
Long Blades    | 1 |  1.0
Maces & Flails | 1 |  1.0
Polearms       | 1 |  1.0
Staves         | 1 |  1.0
Slings         | 1 |  1.0
Bows           | 1 |  1.0
Crossbows      | 1 |  1.0
Throwing       | 1 |  1.0
Armour         | 1 |  1.0
Shields        | 1 |  1.0
Unarmed Combat | 1 |  1.0
Spellcasting   | 1 |  1.0
Evocations     | 1 |  1.0
Fighting       | |  6.6
Axes           | |  6.6
Dodging        | |  6.6
Stealth        | |  4.2
Conjurations   | |  0.8
Hexes          | |  0.8
Summonings     | |  0.8
Necromancy     | |  0.8
Translocations | |  0.8
Transmutations | |  0.8
Fire Magic     | |  0.8
Ice Magic      | |  0.8
Air Magic      | |  0.8
Earth Magic    | |  0.8
Poison Magic   | |  0.8

Action                   |  1- 3 |  4- 6 || total
-------------------------+-------+-------++-------
Melee: Hand axe          |   105 |       ||   105
       Bite              |     9 |     1 ||    10
       Whip              |    32 |    13 ||    45
       Punch             |     1 |       ||     1
Throw: Stone             |     3 |       ||     3
       Dart              |     1 |       ||     1
 Cast: Magic Dart        |     5 |       ||     5
  Use: Potion            |     1 |       ||     1
       Scroll            |     2 |       ||     2
 Stab: Sleeping          |     3 |     1 ||     4
Armor: Robe              |    32 |     1 ||    33
Dodge: Dodged            |   110 |     5 ||   115
